 Dungeon Crawl Stone Soup version 0.22-a0-117-g314b90714a (webtiles) character file.

85 Ordine the Magician (level 4, -2/24 HPs)
             Began as a Deep Elf Wizard on Jan 29, 2018.
             Killed from afar by Ordine's ghost (5 damage)
             ... with a magic dart
             ... on level 3 of the Dungeon.
             The game lasted 00:05:32 (1939 turns).

Ordine the Magician (Deep Elf Wizard)               Turns: 1939, Time: 00:05:33

Health: -2/24      AC:  5    Str:  4    XL:     4   Next: 25%
Magic:  0/14       EV: 19    Int: 26    God:
Gold:   150        SH:  0    Dex: 18    Spells: 4/13 levels left

rFire    . . .     SeeInvis .   (no weapon)
rCold    . . .     Gourm    .   (no shield)
rNeg     . . .     Faith    .   a - +0 robe
rPois    .         Spirit   .   h - +1 helmet
rElec    .         Reflect  .   (no cloak)
rCorr    .         Harm     .   l - +0 pair of gloves
MR       .....                  (no boots)
Stlth    +++.......             (no amulet)
HPRegen  0.08/turn              (no ring)
MPRegen  0.14/turn              (no ring)

@: agile
A: blurry vision 1, clever 1, high mp 1
a: no special abilities


You were on level 3 of the Dungeon.
You were not hungry.

You visited 1 branch of the dungeon, and saw 3 of its levels.

You collected 150 gold pieces.

Inventory:

Armour
 a - a +0 robe (worn)
 h - a +1 helmet (worn)
 l - a +0 pair of gloves (worn)
Jewellery
 j - a +4 ring of strength {unknown}
Scrolls
 e - a scroll of remove curse
Potions
 b - a potion of resistance
 i - a potion of curing
Books
 c - a book of Minor Magic

   Spells                             Type                      Level
   a - Magic Dart                     Conjuration                  1
   b - Blink                          Translocation                2
   c - Call Imp                       Summoning                    2
   d - Slow                           Hexes                        2
   e - Conjure Flame                  Conjuration/Fire             3
   f - Mephitic Cloud                 Conjuration/Poison/Air       3
Comestibles
 d - 6 rations
 m - 6 chunks of flesh


   Skills:
 - Level 3.0 Dodging
 - Level 3.0 Stealth
 + Level 5.0 Spellcasting
 * Level 2.6 Conjurations
   Level 1.1 Summonings
 + Level 1.7 Translocations
 + Level 0.7 Fire Magic
 + Level 0.6 Air Magic


You had 4 spell levels left.
You knew the following spells:

 Your Spells              Type           Power        Failure   Level  Hunger
a - Magic Dart            Conj           ###.         2%          1    None
b - Blink                 Tloc           N/A          5%          2    None
c - Conjure Flame         Conj/Fire      ###.....     12%         3    #......
d - Mephitic Cloud        Conj/Pois/Air  ##......     14%         3    #......


Dungeon Overview and Level Annotations

Branches:
Dungeon (3/15)

Altars:

Annotations:
D:3 Ordine's ghost, amateur DEWz


Innate Abilities, Weirdness & Mutations

Scrolls take you a little longer to read.
Your mind is acute. (Int +2)
You have an increased reservoir of magic. (+10% MP)


Message History

Casting: Magic Dart (safe; 2% risk of failure)
Confirm with . or Enter, or press ? or * to list all spells.
Aiming: Magic Dart (safe; 2% risk of failure)
Press: ? - help, Shift-Dir - straight line, f/p - Ordine's ghost
Aim: Ordine's ghost (moderately damaged)
The magic dart hits Ordine's ghost.
Ordine's ghost is moderately damaged.
Ordine's ghost gestures at you while chanting.
The magic dart hits you!
* * * LOW HITPOINT WARNING * * *
Casting: Magic Dart (safe; 2% risk of failure)
Confirm with . or Enter, or press ? or * to list all spells.
Aiming: Magic Dart (safe; 2% risk of failure)
Press: ? - help, Shift-Dir - straight line, f/p - Ordine's ghost
Aim: Ordine's ghost (moderately damaged)
The magic dart hits Ordine's ghost.
Ordine's ghost is heavily damaged.
Ordine's ghost points at you and mumbles some strange words.
The magic dart hits you!
You die...

#....# .####
#...## ......####
#...### #..<..
#...W.# ######
#.###.#### #.# #.#
#...W#### #.# ...
####....#### #[#
###. ####....# #.#
####@# #.# #.# #.#
#.###.# #..##.###
#
##......##########
######...........
## #
#...###.###### .##
.### #..#.#....#
#.. ..##### ...
##..##......###.#


You could see Ordine's ghost.

Vanquished Creatures
  5 adders (D:3)
  2 worms
  A leopard gecko (D:1)
  A ball python (D:3)
  7 bats
  2 giant cockroaches (D:3)
  2 goblins (D:1)
  2 hobgoblins
  4 kobolds
  3 frilled lizards
  10 rats
39 creatures vanquished.

Notes
Turn   | Place    | Note
-------+----------+-------------------------------------------
     0 | D:1      | Ordine the Deep Elf Wizard began the quest for the Orb.
     0 | D:1      | Reached XP level 1. HP: 10/10 MP: 7/7
   173 | D:1      | Reached XP level 2. HP: 15/15 MP: 3/9
   664 | D:2      | Learned a level 2 spell: Blink
  1318 | D:3      | Reached XP level 3. HP: 15/19 MP: 1/11
  1375 | D:3      | Learned a level 3 spell: Conjure Flame
  1379 | D:3      | Learned a level 3 spell: Mephitic Cloud
  1721 | D:3      | Reached skill level 5 in Spellcasting
  1729 | D:3      | Reached XP level 4. HP: 24/24 MP: 2/13
  1908 | D:3      | Noticed Ordine's ghost (amateur DEWz)
  1925 | D:3      | Gained mutation: You have an increased reservoir of magic. (+10% MP) [potion of mutation]
  1925 | D:3      | Gained mutation: Scrolls take you a little longer to read. [potion of mutation]
  1925 | D:3      | Gained mutation: Your mind is acute. (Int +2) [potion of mutation]
  1939 | D:3      | Killed from afar by Ordine's ghost

Vault maps used:
D:1:      saegor_arrival_simple_e
D:2:      first_ration, minivault_23
D:3:      patterned_corridor

Skill      XL: |  1  2  3 |
---------------+----------+-----
Dodging        | 3 |  3.0
Stealth        | 3 |  3.0
Conjurations   | 2 |  2.6
Spellcasting   | 5 |  5.0
Summonings     | |  1.1
Translocations | |  1.7
Fire Magic     | |  0.7
Air Magic      | |  0.6

Action                   |  1- 3 |  4- 6 || total
-------------------------+-------+-------++-------
 Cast: Magic Dart        |    85 |    26 ||   111
  Use: Scroll            |     6 |     1 ||     7
       Potion            |       |     3 ||     3
  Eat: Chunk             |     2 |     1 ||     3
Armor: Robe              |     4 |     3 ||     7
Dodge: Dodged            |     6 |     3 ||     9

Table legend:
 A = Spawn XP
 B = Non-spawn XP
 C = Spawn XP percentage of total XP
 D = Spawn monster count
 E = Non-spawn monster count
 F = Spawn count percentage of total count
 G = Total turns spent on level
                    A         B        C        D         E        F      G
               +---------+---------+-------+---------+---------+-------+---------
         Total |       0 |     122 |   0.0 |       0 |      39 |   0.0 |  1939
               +---------+---------+-------+---------+---------+-------+---------
           D:1 |       0 |      24 |   0.0 |       0 |      17 |   0.0 |   559
           D:2 |       0 |       9 |   0.0 |       0 |       4 |   0.0 |   747
           D:3 |       0 |      89 |   0.0 |       0 |      18 |   0.0 |   633
               +---------+---------+-------+---------+---------+-------+---------
